 Dungeon Crawl Stone Soup version 0.30.0-29-ga12c61a403 (webtiles) character file.

Game seed: 15570982784798532326

7395 Graphine the Unseen (level 11, -1/76 HPs)
             Began as a Kobold Brigand on June 3, 2023.
             Was an Initiate of Ashenzari.
             Slain by a yak (4 damage)
             ... on level 9 of the Dungeon.
             The game lasted 00:31:48 (10235 turns).

Graphine the Unseen (Kobold Brigand)               Turns: 10235, Time: 00:31:51

Health: -1/76      AC:  6    Str: 11    XL:     11   Next: 36%
Magic:  20/20      EV: 14    Int: 13    God:    Ashenzari [......]
Gold:   743        SH:  0    Dex: 24    Spells: 10/10 levels left

rFire   + . .        p - +3 rapier of Tension {spect, MP+9 Str+3 Dex+3}
rCold   + . .        (no shield)
rNeg    . . .        J - +2 robe {rC+}
rPois   .            m - +0 helmet
rElec   .            K - scarf {shadows}
rCorr   .            M - +0 pair of gloves
SInv    .            (no boots)
Will    ++...        z - amulet of regeneration
Stlth   ++++++++     i - ring of willpower
HPRegen 1.12/turn    b - ring of protection from fire
MPRegen 0.17/turn

%: no passive effects
@: mighty, about to teleport
A: small, no large weapons, nightstalker 3, claws 1, strong-willed 1
a: Renounce Religion, Curse Item


You were on level 9 of the Dungeon.
You worshipped Ashenzari.
Ashenzari was noncommittal.
You visited 2 branches of the dungeon, and saw 10 of its levels.
You also visited: Sewer and Ossuary.

You collected 743 gold pieces.

Inventory:

Hand Weapons
 a - a +2 dagger
 p - the +3 rapier of Tension (weapon) {spect, MP+9 Str+3 Dex+3}
   (You acquired it in an ossuary)

   Str:       It affects your strength (+3).
   Dex:       It affects your dexterity (+3).
   MP:        It affects your magic capacity (+9).
 r - a +0 quick blade of flaming
 s - a +2 whip of flaming
Missiles
 d - 22 poisoned darts (quivered)
 e - 7 curare-tipped darts
 C - 5 boomerangs
Armour
 m - a +0 helmet (worn)
 q - a +2 cloak of willpower
 J - a +2 robe of cold resistance (worn)
 K - a scarf of shadows (worn)
 M - a +0 pair of gloves (worn)
Magical Staves
 F - a staff of cold
Jewellery
 b - a ring of protection from fire (right hand)
 i - a ring of willpower (left hand)
 z - an amulet of regeneration (around neck)
 I - a ring of protection from cold
 O - an amulet of reflection
 P - a ring of resist corrosion
Wands
 l - a wand of paralysis (1)
 G - a wand of digging (5)
 H - a wand of polymorph (10)
 N - a wand of mindburst (7)
Scrolls
 h - 5 scrolls of teleportation
 o - a scroll of immolation
 x - a scroll of amnesia
 y - a scroll of noise {unknown}
 E - a scroll of enchant armour
 L - a scroll of poison
 Q - a scroll of enchant weapon {unknown}
Potions
 f - a potion of heal wounds
 g - 6 potions of flight
 j - 6 potions of curing
 k - 2 potions of haste
 n - 2 potions of lignification
 t - 5 potions of brilliance
 v - 2 potions of resistance
 w - a potion of attraction
 A - 2 potions of degeneration
 B - 2 potions of mutation


   Skills:
 + Level 12.2 Fighting
 * Level 8.6 Short Blades
 - Level 2.1 Throwing
 - Level 1.2 Dodging
 + Level 16.2 Stealth


You had 10 spell levels left.
You didn't know any spells.
Your spell library contained the following spells:

 Spells                   Type           Power      Damage    Failure   Level
 Beastly Appendage        Tmut           0%         N/A       30%         1
 Freeze                   Ice            0%         1d3       30%         1
 Blink                    Tloc           0%         N/A       43%         2
 Ensorcelled Hibernation  Hex/Ice        0%         N/A       43%         2
 Lesser Beckoning         Tloc           0%         N/A       43%         2
 Momentum Strike          Conj/Tloc      0%         3d8       43%         2
 Poisonous Vapours        Pois/Air       0%         N/A       43%         2
 Wereblood                Tmut           0%         N/A       43%         2
 Dazzling Flash           Conj/Hex       0%         N/A       67%         3
 Frozen Ramparts          Ice            0%         1d1       67%         3
 Hailstorm                Conj/Ice       0%         3d3       67%         3
 Mephitic Cloud           Conj/Pois/Air  0%         N/A       67%         3
 Spider Form              Tmut/Pois      0%         N/A       67%         3
 Stone Arrow              Conj/Erth      0%         3d7       67%         3
 Vhi's Electric Charge    Tloc/Air       0%         N/A       67%         3
 Volatile Blastmotes      Fire/Tloc      0%         2d10      67%         3
 Anguish                  Hex/Necr       0%         N/A       97%         4
 Animate Armour           Summ/Erth      0%         N/A       97%         4
 Cause Fear               Hex            0%         N/A       97%         4
 Iskenderun's Mystic Bla  Conj/Tloc      0%         2d3       97%         4
 Arcjolt                  Conj/Air       0%         1d10      100%        5
 Freezing Cloud           Conj/Ice/Air   0%         6-21      100%        5
 Starburst                Conj/Fire      0%         6d3       100%        6
 Enfeeble                 Hex            0%         N/A       100%        7
 Lehudib's Crystal Spear  Conj/Erth      0%         10d2      100%        8
 Maxwell's Capacitive Co  Air            0%         ∞         100%        8


Dungeon Overview and Level Annotations

Branches:
Dungeon (9/15)             Temple (1/1) D:6            Lair (0/5) D:9
    Orc (0/2) D:9           Sewer (visited)         Ossuary (visited)

Altars:
Ashenzari
Cheibriados
Dithmenos
Elyvilon
Fedhas
Gozag
Hepliaklqana
Kikubaaqudgha
Makhleb
Nemelex Xobeh
Okawaru
Qazlal
Ru
Sif Muna
Uskayaw
Vehumet
Wu Jian
Xom
Yredelemnul
Zin
The Shining One

Shops:
D:1 (


Innate Abilities, Weirdness & Mutations

You are small and have problems with some larger weapons.
You are completely attuned to the shadows.
You have sharp fingernails.
You are strong-willed. (Will+)


Message History

You kill the centaur warrior!
The yak gores you. x2
Your Short Blades skill increases to level 8!
Hit: p) +3 rapier of Tension {spect, MP+9 Str+3 Dex+3}
Press: ? - help, Dir - move target, f - yak
Aim: a yak (about 18% to evade the +3 rapier of Tension)
You barely miss the yak.
Your +3 rapier of Tension {spect, MP+9 Str+3 Dex+3} barely misses the yak.
The yak gores you but does no damage. The yak barely misses you.
Unknown command.
Hit: p) +3 rapier of Tension {spect, MP+9 Str+3 Dex+3}
Press: ? - help, Dir - move target, f/p - yak
Aim: a yak (about 18% to evade the +3 rapier of Tension)
You puncture the yak!
The yak is moderately wounded.
Your +3 rapier of Tension {spect, MP+9 Str+3 Dex+3} hits the yak!
The yak gores you. The yak barely misses you.
The centaur warrior shoots an arrow.
The arrow barely misses you.
Hit: p) +3 rapier of Tension {spect, MP+9 Str+3 Dex+3}
Press: ? - help, Dir - move target, f/p - yak
Aim: a yak (severely wounded, about 18% to evade the +3 rapier of Tension)
You impale the yak!!
You kill the yak!
Your +3 rapier of Tension {spect, MP+9 Str+3 Dex+3} disappears.
The centaur warrior shoots an arrow.
The arrow hits you! The yak gores you but does no damage.
It was a potion of magic.
Magic courses through your body.
The centaur warrior shoots an arrow.
The arrow hits you!!
* * * LOW HITPOINT WARNING * * *
The yak gores you.
* * * LOW HITPOINT WARNING * * *
Okay, then.
As you read the scroll of teleportation, it crumbles to dust.
You feel strangely unstable.
The centaur warrior unwields a +0 shortbow.
The centaur warrior hits you!
* * * LOW HITPOINT WARNING * * *
The centaur warrior kicks you but does no damage.
The yak gores you.
You die...

#######
##############.'...#
#####
.......).......#...#
#...#
##.............#...#
###.#
...............#@Y.#
###.#
.....).........#cYT#
#...#
....)...)......#.(..
#...#
################....
#...# #...#
#########.#
#.........#
######.........#
######
#..............#


You could see a centaur warrior (inner flame), 2 yaks and a troll (inner flame).

Vanquished Creatures
  A centaur warrior (D:9)
  2 two-headed ogres (D:9)
  A cyclops (D:7)
  A manticore (D:7)
  A kobold demonologist (D:9)
  2 trolls
  2 hornets
  2 yaks (D:9)
  A vampire mosquito (D:7)
  3 steam dragons
  Edmund (D:5)
  A water moccasin (D:8)
  An acid dragon (D:9)
  2 ice beasts
  A sky beast (D:8)
  Pargi (Sewer)
  An ogre (D:6)
  A centaur (D:5)
  4 phantoms
  2 kobold brigands
  A gnoll sergeant (D:9)
  7 bullfrogs
  3 scorpions
  2 electric eels (D:6)
  3 jellies (D:7)
  3 orc priests
  Crazy Yiuf (D:3)
  4 hounds
  4 iguanas
  2 sleepcaps
  5 orc wizards
  8 mummies (Ossuary)
  4 gnolls
  6 adders
  2 shadow imps
  3 white imps
  An ufetubus (D:7)
  4 worms
  11 dart slugs
  36 orcs
  4 ball pythons
  6 endoplasms
  4 giant cockroaches
  A gnoll zombie (Ossuary)
  12 goblins
  8 hobgoblins
  2 jackals (D:4)
  5 quokkas
  5 bats
  7 frilled lizards
  2 hobgoblin zombies (Ossuary)
  13 kobolds
  5 orc zombies (Ossuary)
  5 rats
220 creatures vanquished.

Notes
Turn   | Place    | Note
-------+----------+-------------------------------------------
     0 | D:1      | Graphine the Kobold Brigand began the quest for the Orb.
     0 | D:1      | Reached XP level 1. HP: 12/12 MP: 1/1
   173 | D:1      | Reached XP level 2. HP: 18/18 MP: 2/2
   370 | D:1      | Found Ucie's Antique Weapon Shoppe.
   831 | D:2      | Reached XP level 3. HP: 23/23 MP: 3/3
   853 | D:2      | Reached skill level 6 in Stealth
  1093 | D:2      | Reached XP level 4. HP: 28/28 MP: 4/4
  1567 | D:3      | Found a glowing drain.
  1580 | Sewer    | Entered a sewer
  1680 | Sewer    | Noticed Pargi
  1682 | Sewer    | Killed Pargi
  1683 | Sewer    | Reached skill level 7 in Stealth
  1683 | Sewer    | Reached XP level 5. HP: 34/34 MP: 5/5
  1795 | D:3      | Found a runed translucent door.
  1798 | D:3      | Noticed Crazy Yiuf
  1804 | D:3      | Killed Crazy Yiuf
  1805 | D:3      | Reached XP level 6. HP: 31/39 MP: 6/6
  2603 | D:4      | Reached skill level 5 in Fighting
  2603 | D:4      | Reached skill level 8 in Stealth
  2776 | D:4      | Found a sand-covered staircase.
  2785 | Ossuary  | Entered an ossuary
  3042 | Ossuary  | Reached XP level 7. HP: 44/44 MP: 7/7
  3253 | Ossuary  | Identified a scroll of acquirement
  3253 | Ossuary  | Acquired the +3 rapier of Tension {spect, MP+9 Str+3 Dex+3}
  3566 | D:4      | Reached skill level 9 in Stealth
  4319 | D:5      | Entered Level 5 of the Dungeon
  4365 | D:5      | Reached XP level 8. HP: 52/52 MP: 8/8
  4528 | D:5      | Reached skill level 10 in Stealth
  4678 | D:5      | Noticed Edmund
  4682 | D:5      | Killed Edmund
  5064 | D:5      | Reached skill level 11 in Stealth
  5250 | D:6      | Found a staircase to the Ecumenical Temple.
  5256 | Temple   | Entered the Ecumenical Temple
  5469 | Temple   | Became a worshipper of Ashenzari the Shackled
  5486 | Temple   | Gained mutation: You are strong-willed. (Will+) [potion of
                  | mutation]
  5486 | Temple   | Gained mutation: You have sharp fingernails. [potion of
                  | mutation]
  5508 | D:6      | Reached XP level 9. HP: 55/60 MP: 9/9
  5513 | D:6      | Reached skill level 12 in Stealth
  5750 | D:6      | Found a white marble altar of Elyvilon.
  5750 | D:6      | Found a stormy altar of Qazlal.
  6884 | D:7      | Found an ornate altar of the Wu Jian Council.
  7048 | D:7      | Reached skill level 13 in Stealth
  7354 | D:7      | Noticed a hornet
  7358 | D:7      | Killed a hornet
  7722 | D:7      | Noticed a cyclops
  7726 | D:7      | Killed a cyclops
  7727 | D:7      | Reached skill level 10 in Fighting
  7727 | D:7      | Reached XP level 10. HP: 68/68 MP: 10/10
  7820 | D:7      | Reached skill level 14 in Stealth
  7821 | D:7      | Noticed a manticore
  8178 | D:7      | Killed a manticore
  8179 | D:7      | Reached skill level 15 in Stealth
  9179 | D:9      | Noticed a two-headed ogre
  9188 | D:9      | Killed a two-headed ogre
  9189 | D:9      | Reached skill level 5 in Short Blades
  9306 | D:9      | Noticed a kobold demonologist
  9310 | D:9      | Killed a kobold demonologist
  9313 | D:9      | Reached XP level 11. HP: 76/76 MP: 11/11
  9832 | D:9      | Found a staircase to the Orcish Mines.
  9847 | D:9      | Found a staircase to the Lair.
 10212 | D:9      | Noticed a two-headed ogre
 10216 | D:9      | Noticed a centaur warrior
 10217 | D:9      | Killed a two-headed ogre
 10217 | D:9      | Noticed a centaur warrior
 10226 | D:9      | Reached skill level 16 in Stealth
 10230 | D:9      | Killed a centaur warrior
 10235 | D:9      | HP: 3/76 [centaur warrior (10)]
 10235 | D:9      | Slain by a yak

Illustrated notes

Levels and vault maps discovered:
D:1:      minmay_arrival_jagged, layout_loops_ring, serial_shops,
          nicolae_shop_rolling_square
D:2:      wander_river, layout_rooms, nicolae_figureground_pulse
D:3:      layout_loops_ring, cheibrodos_sewer_entry_sluice,
          kennysheep_generic_room_16, uniq_crazy_yiuf_cottage
D:4:      kennysheep_slugbush, layout_basic, enter_ossuary_3
D:5:      layout_rooms, st_stairs_12, uniq_edmund
D:6:      layout_basic, nicolae_overflow_two_pavilions,
          minmay_temple_entry_offerings, grunt_ministairs_12, hellmonk_no_cap
D:7:      minmay_slanted_spiral_squares, layout_basic, old_standard_altar
D:8:      layout_rooms
D:9:      minmay_shrinking_squares, layout_stronghold, lightli_temple_of_fire,
          dpeg_oklobed_lair, orc_0_dummy, item_on_display_a
Temple:   eino_narrow_crystal_temple

Skill      XL: |  1  2  3  4  5  6  7  8  9 10 11 |
---------------+----------------------------------+-----
Fighting       | 3 4 5 6 8 10 11 12 | 12.2
Stealth        | 6 7 8 9 11 13 15 16 | 16.2
Short Blades   | 6 8 |  8.6
Throwing       | |  2.1
Dodging        | |  1.2

Action                     |  1- 3 |  4- 6 |  7- 9 | 10-12 || total
---------------------------+-------+-------+-------+-------++-------
  Melee: Dagger            |    61 |   159 |    95 |    29 ||   344
         Punch             |     1 |     2 |     3 |     1 ||     7
         Rapier            |       |       |   108 |    79 ||   187
  Throw: Dart              |     7 |    36 |     3 |     2 ||    48
         Boomerang         |       |     8 |       |       ||     8
  Evoke: Wand              |       |     5 |     8 |     2 ||    15
    Use: Scroll            |       |     8 |    12 |    10 ||    30
         Potion            |       |     2 |     6 |     5 ||    13
   Stab: Sleeping          |    20 |    25 |    37 |    20 ||   102
         Distracted        |       |     1 |     2 |     2 ||     5
 Armour: Robe              |     8 |    25 |    31 |    29 ||    93
         Skin              |       |    18 |       |       ||    18
  Dodge: Dodged            |    13 |    77 |   107 |    89 ||   286
